 Dungeon Crawl Stone Soup version 0.31-a0-840-g6d2ecbb638 (webtiles) character file.

Game seed: 12282507191783681325

2 Nedwor the Ducker (level 1, 0/16 HPs)
             Began as a Demonspawn Gladiator on Sept 27, 2023.
             Slain by a quokka (2 damage)
             ... on level 1 of the Dungeon.
             The game lasted 00:00:15 (39 turns).

Nedwor the Ducker (Demonspawn Gladiator)              Turns: 39, Time: 00:00:16

Health: 0/16       AC:  4    Str: 14    XL:     1   Next: 33%
Magic:  1/1        EV: 12    Int:  9    God:
Gold:   0          SH:  0    Dex: 14    Spells: 0/0 levels left

rFire   . . .        a - +0 rapier
rCold   . . .        (no shield)
rNeg    . . .        b - +0 leather armour
rPois   .            c - +0 helmet
rElec   .            (no cloak)
rCorr   .            (no gloves)
SInv    .            (no boots)
Will    .....        (no amulet)
Stlth   +            (no ring)
HPRegen 0.22/turn    (no ring)
MPRegen 0.07/turn

%: no passive effects
@: no status effects
A: no striking features
a: no special abilities


You were on level 1 of the Dungeon.
You visited 1 branch of the dungeon, and saw 1 of its levels.

Inventory:

Hand Weapons
 a - a +0 rapier (weapon)
Missiles
 d - 3 throwing nets (quivered)
 e - a javelin
Armour
 b - a +0 leather armour (worn)
 c - a +0 helmet (worn)


   Skills:
 + Level 2.0 Fighting
 * Level 2.7 Short Blades
 - Level 1.7 Throwing
 + Level 0.1 Armour
 + Level 2.7 Dodging


You couldn't memorise any spells.
You didn't know any spells.
Your spell library was empty.

Dungeon Overview and Level Annotations

Branches:
Dungeon (1/15)

Altars:


Message History

The giant cockroach bites you but does no damage.
The quokka closely misses you.
You hit the quokka but do no damage. The giant cockroach bites you.
* * * LOW HITPOINT WARNING * * *
The quokka bites you.
* * * LOW HITPOINT WARNING * * *
The giant cockroach barely misses you. The quokka closely misses you.
You closely miss the quokka. The giant cockroach barely misses you.
The quokka bites you.
* * * LOW HITPOINT WARNING * * *
You hit the quokka.
The quokka is moderately wounded.
The giant cockroach barely misses you. The quokka misses you.
You closely miss the quokka.
The quokka is moderately wounded.
The giant cockroach bites you but does no damage.
The quokka closely misses you.
You completely miss the quokka.
The quokka is moderately wounded.
The giant cockroach closely misses you. The quokka misses you.
The giant cockroach bites you but does no damage.
You barely miss the quokka.
The quokka is moderately wounded.
The quokka bites you but does no damage.
The giant cockroach misses you. The quokka bites you.
* * * LOW HITPOINT WARNING * * *
You hit the quokka but do no damage.
The quokka is moderately wounded.
The giant cockroach barely misses you. The quokka barely misses you.
You barely miss the quokka. The giant cockroach barely misses you.
The quokka bites you but does no damage.
You miss the quokka.
The quokka bites you but does no damage.
The giant cockroach bites you but does no damage.
The quokka bites you but does no damage.
The giant cockroach barely misses you.
You barely miss the quokka.
The giant cockroach bites you but does no damage.
The quokka bites you.
You die...

# #.## ## ...
...##.### #...gB@#
#####.#r##
.......Sg###
######.....####
###.#..>#.####
#....<.......#
#.....[!$....#
#......[..>..##...
#..........)......


You could see a quokka, a giant cockroach, 2 hobgoblins and a ball python.

Vanquished Creatures
  A giant cockroach (D:1)
  A goblin (D:1)
  A kobold (D:1)
3 creatures vanquished.

Notes
Turn   | Place    | Note
-------+----------+-------------------------------------------
     0 | D:1      | Nedwor the Demonspawn Gladiator began the quest for the
                  | Orb.
     0 | D:1      | Reached XP level 1. HP: 16/16 MP: 1/1
    39 | D:1      | Slain by a quokka

Illustrated notes

Levels and vault maps discovered:
D:1:      dpeg_arrival_long_road, layout_rooms

Action                     || total
---------------------------++-------
  Melee: Rapier            ||    20
 Armour: Leather armour    ||    34
  Dodge: Dodged            ||    41

Table legend: (Time is in decaauts)
 A = Elapsed time spent in this place.
 B = Non-inter-level travel time spent in this place.
 C = Inter-level travel time spent in this place.
 D = Time resting spent in this place.
 E = Time spent auto-exploring this place.
 F = Levels seen in this place.
 G = Mean time per level.
                   A        B        C        D        E       F      G
               +--------+--------+--------+--------+--------+-----+--------+
         Total |     40 |     40 |      0 |      0 |      1 |   1 |   40.0 |
       Dungeon |     40 |     40 |      0 |      0 |      1 |   1 |   40.0 |
               +--------+--------+--------+--------+--------+-----+--------+

Top non-repeatable levels by time:
     D:1: 40 daAuts
